 Dungeon Crawl Stone Soup version 0.23-a0-143-g1adec7b (webtiles) character file.

95 Amnesiac the Poker (level 4, -2/33 HPs)
             Began as a Mummy Wanderer on Sept 3, 2018.
             Slain by a crimson imp (3 damage)
             ... on level 3 of the Dungeon.
             The game lasted 00:03:04 (1614 turns).

Amnesiac the Poker (Mummy Wanderer)                 Turns: 1614, Time: 00:03:05

Health: -2/33      AC:  4    Str: 17    XL:     4   Next: 40%
Magic:  4/4        EV: 12    Int: 14    God:
Gold:   136        SH:  0    Dex: 11    Spells: 3/3 levels left

rFire    x . .     SeeInvis .   i - +2 spear (venom)
rCold    + . .     Gourm    .   (no shield)
rNeg     + + +     Faith    .   d - +1 robe
rPois    ∞         Spirit   .   (no helmet)
rElec    .         Reflect  .   e - +0 cloak
rCorr    .         Harm     .   (no gloves)
MR       .....                  (no boots)
Stlth    ++........             (no amulet)
HPRegen  0.11/turn              f - +4 ring of intelligence
MPRegen  0.09/turn              (no ring)

@: no status effects
A: no food or potions, fire vulnerability, cold resistance 1, negative energy
resistance 3, torment resistance, unbreathing
a: no special abilities


You were on level 3 of the Dungeon.
You were not hungry.

You visited 1 branch of the dungeon, and saw 3 of its levels.

You collected 136 gold pieces.

Inventory:

Hand Weapons
 a - a +2 dagger
 i - a +2 spear of venom (weapon)
Armour
 d - a +1 robe (worn)
 e - a +0 cloak (worn)
Jewellery
 f - a +4 ring of intelligence (left hand)
Scrolls
 b - a scroll of blinking {!r}
 c - 2 scrolls of teleportation {!r}
 g - a scroll of enchant armour {!r}
 h - a scroll of remove curse {!r}


   Skills:
 - Level 2.0 Fighting
 - Level 2.3 Short Blades
 + Level 2.8 Polearms
 - Level 1.5 Dodging
 - Level 1.5 Stealth
   Level 1.0 Shields
   Level 1.0 Evocations


You had 3 spell levels left.
You didn't know any spells.
Your spell library was empty.

Dungeon Overview and Level Annotations

Branches:
Dungeon (3/15)

Altars:
Xom


Innate Abilities, Weirdness & Mutations

You do not eat or drink.
Your flesh is vulnerable to fire.
You are immune to poison.
Your flesh is cold resistant. (rC+)
You are immune to negative energy. (rN+++)
You are immune to unholy pain and torment.
You can survive without breathing.


Message History

You are too confused!
You are too confused!
You are too confused!
You are too confused!
You are too confused!
You are too confused!
You are too confused!
You are too confused!
You are too confused!
You are too confused!
You are too confused!
You are too confused!
You are too confused!
You are too confused!
Unknown command.
You are too confused!
You hit the crimson imp.
The crimson imp is moderately wounded.
The crimson imp shouts, "Remove thy stench, thou mammering smouldering The crimson imp hits you but does no damage.
The crimson imp blinks!
The crimson imp hits you but does no damage.
You bump into the rock wall.
The crimson imp closely misses you.
You bump into the rock wall.
The crimson imp barely misses you. The crimson imp hits you.
You miss the crimson imp.
The crimson imp is moderately wounded.
You feel less confused.
The crimson imp hits you but does no damage.
You are electrocuted!
Ouch! That really hurt!
* * * LOW HITPOINT WARNING * * *
The crimson imp looks more healthy.
The crimson imp blinks!
You see here a club.
You are too injured to fight recklessly!
You barely miss the crimson imp. The crimson imp hits you.
* * * LOW HITPOINT WARNING * * *
You hit the crimson imp.
The crimson imp is lightly wounded.
The crimson imp barely misses you.
You barely miss the crimson imp.
The crimson imp is lightly wounded.
The crimson imp hits you.
* * * LOW HITPOINT WARNING * * *
You closely miss the crimson imp.
The crimson imp hits you but does no damage.
The crimson imp blinks!
You barely miss the crimson imp. The crimson imp barely misses you.
You hit the crimson imp.
The crimson imp is moderately wounded.
The crimson imp hits you.
* * * LOW HITPOINT WARNING * * *
The crimson imp blinks!
You hit the crimson imp.
The crimson imp is poisoned.
The crimson imp is moderately wounded.
The crimson imp barely misses you.
You hit the crimson imp.
The crimson imp is heavily wounded.
The crimson imp blinks!
The crimson imp hits you but does no damage.
You miss the crimson imp.
The crimson imp is heavily wounded.
The crimson imp hits you.
You die...

,***,,,,,*#.,.................#..
** ****,,,..###.#####..#...÷....#
**,,,.§..........###.÷.#### *
****,,,*#..5..##....#.......# *
***,,,,#.*#........##...##.##..
***,,,***#.##.............##.####
,,,,*** #...................####
,**** **#........##........... **
#....@..###....)##).## *
##....5.## #....####.## *
#......## #....####... *
*#####......# #........... *
*........<..# #....######.
*.####......# #....# ## ****,*
#......#####....# ***,,,,*
####'####........# *,,,****
#.......#.########


You could see 2 crimson imps.

Vanquished Creatures
  A crimson imp (D:3)
  2 adders
  An ooze (D:2)
  A worm (D:2)
  2 leopard geckos
  5 bats
  2 giant cockroaches (D:3)
  A goblin (D:2)
  4 hobgoblins
  4 jackals (D:3)
  3 kobolds (D:2)
  3 quokkas
  3 frilled lizards
  2 rats
34 creatures vanquished.

Notes
Turn   | Place    | Note
-------+----------+-------------------------------------------
     0 | D:1      | Amnesiac the Mummy Wanderer began the quest for the Orb.
     0 | D:1      | Amnesiac set off with: a +2 dagger, a scroll of blinking
                  | {!r}, 2 scrolls of teleportation {!r}, a +0 robe
     0 | D:1      | Reached XP level 1. HP: 16/16 MP: 1/1
   216 | D:2      | Reached skill level 1 in Short Blades
   393 | D:2      | Reached XP level 2. HP: 14/22 MP: 2/2
  1142 | D:2      | Reached XP level 3. HP: 20/27 MP: 3/3
  1549 | D:3      | Found a shimmering altar of Xom.
  1579 | D:3      | Reached XP level 4. HP: 26/33 MP: 4/4
  1608 | D:3      | HP: 1/33 [crimson imp (2)]
  1614 | D:3      | Slain by a crimson imp

Vault maps used:
D:1:      dpeg_arrival_leaves_temple_mockup
D:2:      first_ration, grunt_ministairs_12, st_stairs_9
D:3:      led_xom_imps

Skill      XL: |  1  2  3 |
---------------+----------+-----
Short Blades   | 1 2 |  2.3
Polearms       | 2 |  2.8
Fighting       | |  2.0
Dodging        | |  1.5
Stealth        | |  1.5
Shields        | |  1.0
Evocations     | |  1.0

Action                   |  1- 3 |  4- 6 || total
-------------------------+-------+-------++-------
Melee: Dagger            |    82 |       ||    82
       Spear             |    53 |    21 ||    74
  Use: Scroll            |     5 |       ||     5
 Stab: Sleeping          |     4 |       ||     4
Armor: Robe              |    35 |     7 ||    42
Dodge: Dodged            |    91 |     6 ||    97

Table legend:
 A = Non-vault XP
 B = Vault XP
 C = Vault XP percentage of total XP
 D = Non-vault monster count
 E = Vault monster count
 F = Vault count percentage of total count
                 A         B        C        D         E       F
            +---------+---------+-------+---------+---------+-------
      Total |      83 |      54 |  39.4 |      28 |       6 |  17.6
            +---------+---------+-------+---------+---------+-------
        D:2 |      44 |       8 |  15.4 |      13 |       5 |  27.8
        D:3 |      39 |      46 |  54.1 |      15 |       1 |   6.2
            +---------+---------+-------+---------+---------+-------
